 Dungeon Crawl Stone Soup version 0.24.0-125-gc4c63601f3 (webtiles) character file.

Game seed: 10521366182812737245, levelgen mode: deterministic

102 straycat the Ducker (level 4, -2/28 HPs)
             Began as a Vampire Fighter on Mar 6, 2020.
             Slain by an orc
             ... wielding a +2 war axe of electrocution
              (11 damage)
             ... on level 3 of the Dungeon.
             The game lasted 00:11:42 (2250 turns).

straycat the Ducker (Vampire Fighter)               Turns: 2250, Time: 00:11:43

Health: -2/28      AC:  6    Str: 16    XL:     4   Next: 49%
Magic:  4/4        EV:  8    Int: 10    God:
Gold:   69         SH:  9    Dex: 13    Spells: 3/3 levels left

rFire    . . .     SeeInvis +     - Unarmed
rCold    + + .     Gourm    .   b - +1 shield
rNeg     + + +     Faith    .   a - +0 scale mail
rPois    ∞         Spirit   .   (no helmet)
rElec    .         Reflect  .   (no cloak)
rCorr    .         Harm     .   (no gloves)
MR       .....                  (no boots)
Stlth    +++.......             (no amulet)
HPRegen  0.00/turn              (no ring)
MPRegen  0.09/turn              (no ring)

@: bloodless
A: no food, fangs 3, see invisible, unbreathing
a: Bat Form, Revivify


You were on level 3 of the Dungeon.
You were bloodless.

You visited 1 branch of the dungeon, and saw 3 of its levels.

You collected 69 gold pieces.

Inventory:

Hand Weapons
 h - a +1 dagger
Missiles
 l - 13 poisoned darts (quivered)
 p - 17 bolts
Armour
 a - a +0 scale mail (worn)
 b - a +1 shield (worn)
 n - a +0 leather armour
Scrolls
 d - a scroll of enchant weapon
 f - 2 scrolls of identify
Potions
 c - a potion of might
 e - 2 potions of lignification
 g - a potion of curing
 i - 2 potions of ambrosia {unknown}
 j - a potion of brilliance {unknown}
 k - 2 potions of resistance {unknown}
 m - 2 potions of heal wounds {unknown}
 o - a potion of flight {unknown}


   Skills:
 - Level 3.0 Fighting
 + Level 1.2 Short Blades
 - Level 2.4 Armour
 * Level 3.1 Dodging
 + Level 2.7 Stealth
 - Level 2.6 Shields
 - Level 2.4 Unarmed Combat


You had 3 spell levels left.
You didn't know any spells.
Your spell library was empty.

Dungeon Overview and Level Annotations

Branches:
Dungeon (3/15)

Altars:


Innate Abilities, Weirdness & Mutations

You do not eat.
You do not regenerate when monsters are visible.
You are frail without blood (-20% HP).
You can heal yourself when you bite living creatures.
You are immune to poison.
You have razor-sharp teeth.
You have supernaturally acute eyesight. (SInv)
You can survive without breathing.


Message History

You block the orc's attack.
You hit the orc.
The orc is severely wounded.
The orc looks more healthy.
You hit the orc.
The orc is heavily wounded.
You closely miss the orc.
The orc is heavily wounded.
The orc barely misses you.
You hit the orc.
You kill the orc!
You hit the orc.
You kill the orc!
The orc hits you with a +2 war axe of electrocution!
Items here: )) [ † a +0 club; a +0 leather armour; a +0 flail; an orc corpse You hit the orc but do no damage.
The orc hits you with a +2 war axe of electrocution!
You are electrocuted!
You die...

###################
......†)......(....
#[.#######.....###
#..# ##[......#####
#..# #........@o..#
#..# #........##[.#
#...
........#####(..#
..............
.((..#
##.###.#.....##
..(...# #.#
#.##.#### #.(......
#.# . ...
##.(.###.# .. #.###
..


You could see an orc.

Vanquished Creatures
  Jessica (D:2)
  A hound skeleton (D:2)
  An adder (D:3)
  A worm (D:3)
  4 dart slugs
  4 orcs (D:3)
  2 giant cockroaches
  7 goblins
  2 hobgoblins
  3 quokkas
  3 bats
  4 kobolds
  5 rats
38 creatures vanquished.

Notes
Turn   | Place    | Note
-------+----------+-------------------------------------------
     0 | D:1      | straycat the Vampire Fighter began the quest for the Orb.
     0 | D:1      | Reached XP level 1. HP: 17/17 MP: 1/1
   346 | D:1      | Reached skill level 1 in Dodging
   453 | D:1      | Reached XP level 2. HP: 23/23 MP: 2/2
   717 | D:2      | Noticed Jessica
  1122 | D:2      | Killed Jessica
  1122 | D:2      | Reached skill level 1 in Stealth
  1122 | D:2      | Reached XP level 3. HP: 23/23 MP: 3/3
  1635 | D:2      | Reached XP level 4. HP: 26/28 MP: 4/4
  2015 | D:2      | You fall into a shaft and drop 1 floor!
  2051 | D:3      | Reached skill level 1 in Short Blades
  2250 | D:3      | Slain by an orc

Levels and vault maps discovered:
D:1:      dpeg_arrival_ternary, layout_loops_ring,
          hangedman_decor_clover_reticule
D:2:      layout_basic, uniq_jessica
D:3:      layout_loops_ring, serial_glass, glass_columns_b, glass_columns_a,
          minmay_strange_pillars, lightli_sewer_entry_pipes,
          chequers_ecumenical_altar_simple_redux, trog_hazing_becter

Skill      XL: |  1  2  3  4 |
---------------+-------------+-----
Dodging        | 1 2 3 |  3.1
Fighting       | 3 |  3.0
Stealth        | 1 2 |  2.7
Short Blades   | 1 |  1.2
Armour         | |  2.4
Shields        | |  2.6
Unarmed Combat | |  2.4

Action                   |  1- 3 |  4- 6 || total
-------------------------+-------+-------++-------
Melee: Unarmed           |   101 |    63 ||   164
       Bite              |    15 |     6 ||    21
Throw: Dart              |       |    10 ||    10
 Abil: Exsanguinate      |     1 |       ||     1
  Use: Scroll            |     5 |       ||     5
       Potion            |       |     1 ||     1
 Stab: Sleeping          |     4 |     1 ||     5
Armor: Scale mail        |    44 |    18 ||    62
Dodge: Dodged            |    13 |    14 ||    27
Block: Shield            |    47 |    23 ||    70
